 Dungeon Crawl Stone Soup version 0.31-a0-182-gc5ef74bbde (webtiles) character file.

Game seed: 11277394374589974359

8859 qw the Skirmisher (level 11, -21/103 HPs)
             Began as a Naga Hunter on June 20, 2023.
             Was a Believer of Okawaru.
             Demolished by a hellephant (32 damage)
             ... on level 1 of the Abyss.
             The game lasted 00:03:26 (9641 turns).

qw the Skirmisher (Naga Hunter)                     Turns: 9641, Time: 00:03:27

Health: -21/103    AC: 13    Str: 15    XL:     11   Next: 37%
Magic:  13/14      EV: 16    Int:  9    God:    Okawaru [**....]
Gold:   671        SH:  0    Dex: 24    Spells: 10/10 levels left

rFire   + . .        m - +0 arbalest
rCold   + . .        (shield currently unavailable)
rNeg    . . .        o - +0 steam dragon scales
rPois   +            (no helmet)
rElec   +            (no cloak)
rCorr   +            (no gloves)
SInv    +            j - +0 barding
Will    +....        (no amulet)
Stlth   ++++         a - +6 ring of dexterity
HPRegen 0.37/turn    k - +4 ring of slaying {mikee}
MPRegen 0.14/turn

%: no passive effects
@: about to teleport, resistant, heroic, very slow
A: AC +3, large, see invisible, deformed body, poison resistance, slowness 2,
spit poison 1, naga tail 1
a: Spit Poison, Renounce Religion, Heroism


You were on level 1 of the Abyss.
You worshipped Okawaru.
Okawaru was pleased with you.
You visited 2 branches of the dungeon, and saw 11 of its levels.
You visited the Abyss 1 time.

You collected 671 gold pieces.


Innate Abilities, Weirdness & Mutations

Your serpentine skin is tough. (AC +3)
You have supernaturally acute eyesight. (SInv)
Armour fits poorly on your strangely shaped body.
Your system is resistant to poisons. (rPois)
You cover ground very slowly.
You can spit poison.
You have a snake-like lower body.


   Skills:
 - Level 8.1(13.1) Fighting
 + Level 12.3(17.3) Ranged Weapons
 - Level 4.0(9.0) Armour
 - Level 5.3(10.3) Dodging
 - Level 1.5(6.5) Stealth
 - Level 4.1 Invocations


You had 10 spell levels left.
You didn't know any spells.
Your spell library was empty.

Inventory:

Hand Weapons
 m - a +0 arbalest (weapon)
Armour
 j - a +0 barding (worn)
 n - a +2 robe of positive energy
 o - +0 steam dragon scales (worn)
Jewellery
 a - a +6 ring of dexterity (left hand)
 k - a +4 ring of slaying (right hand) {mikee}
Scrolls
 e - a scroll of vulnerability {unknown}
 f - 3 scrolls of identify
 g - a scroll of teleportation
Potions
 b - 3 potions of cancellation
 c - a potion of mutation
 h - a potion of haste
 i - 2 potions of might
 l - a potion of heal wounds
 q - a potion of enlightenment

Dungeon Overview and Level Annotations

Branches:
Dungeon (10/15)            Temple (1/1) D:4
   Lair: D:8-11         Orc: D:9-12

Altars:
Ashenzari
Cheibriados
Dithmenos
Elyvilon
Fedhas
Gozag
Hepliaklqana
Kikubaaqudgha
Makhleb
Nemelex Xobeh
Okawaru
Qazlal
Ru
Sif Muna
Trog
Uskayaw
Vehumet
Wu Jian
Xom
Yredelemnul
Zin
The Shining One

Shops:
D:1 !


Message History

You shoot a bolt.
The bolt barely misses the small abomination.
The small abomination closely misses you.
The hellephant blinks!
The small abomination hits you!
9633 ||| INVOKING Heroism.
You gain the combat prowess of a mighty hero.
The small abomination hits you.
You shoot a bolt.
The bolt barely misses the small abomination.
You have got your breath back.
The small abomination hits you but does no damage. x2
You shoot a bolt. The bolt hits the small abomination!
You destroy the small abomination!
Okawaru accepts your kill.
You start resting.
A hellephant is nearby!
9637 ||| INVOKING Spit Poison.
Aiming: Spit Poison (1% risk of failure)
Press: ? - help, Shift-Dir - straight line, f - hellephant The splash of poison hits the hellephant!
The hellephant is poisoned.
The hellephant is lightly wounded.
You shoot a bolt. The bolt hits the hellephant.
The hellephant is lightly wounded.
You shoot a bolt. The bolt hits the hellephant!!
The hellephant is lightly wounded.
The hellephant tramples you!!!
You stumble backwards!
You hear a bark!
You shoot a bolt. The bolt hits the hellephant!!
The hellephant is moderately wounded.
The hellephant tramples you!
You hold your ground!
The hellephant bites you!
The hellephant gores you but does no damage.
9641 ||| READING 2 scrolls of teleportation.
As you read the scroll of teleportation, it crumbles to dust.
You feel strangely unstable.
You feel the power of the Abyss delaying your translocation!
You have got your breath back.
A raiju comes into view.
The hellephant tramples you!!
You die...

..#. ...# #
... # . ..#
..# ##..
#..# \.#
.... .
#.##..#..
#Y%....#...
#@.'....# .
####h....
.... #++#.#
# .


You could see a hellephant (poisoned) and a raiju.

Vanquished Creatures
  2 two-headed ogres (D:8)
  Nergalle (D:10)
  A gargoyle (D:6)
  Maggie (D:6)
  Psyche (D:8)
  A kobold demonologist (D:6)
  Grinder (D:3)
  Prince Ribbit (D:6)
  2 hornets (D:9)
  An ice dragon zombie (Abyss:1)
  A raiju (Abyss:1)
  Sigmund (D:6)
  2 wraiths
  A steam dragon (D:6)
  Menkaure (D:4)
  4 water moccasins
  Duvessa (D:5)
  Edmund (D:6)
  An acid dragon (D:9)
  4 orc warriors
  3 ice beasts
  A sky beast (Abyss:1)
  A black bear (D:6)
  An ogre (D:5)
  2 centaurs
  A phantom (D:4)
  Blork the orc (D:6)
  4 bullfrogs
  4 kobold brigands
  A scorpion (D:4)
  3 small abominations (Abyss:1)
  5 wights (D:8)
  Dowan (D:4)
  2 howler monkeys
  2 vampire bats (D:10)
  3 electric eels (D:9)
  6 jellies
  5 orc priests
  3 hounds
  A sleepcap (D:4)
  Terence (D:3)
  An iguana (D:5)
  7 orc wizards
  9 adders
  A shadow imp (D:5)
  A worm (D:3)
  A dart slug (D:3)
  24 orcs
  A bat skeleton (D:10)
  3 bat zombies (D:10)
  5 endoplasms
  8 giant cockroaches
  7 goblins
  5 hobgoblins
  2 quokkas
  7 ball pythons
  4 bats
  A frilled lizard (D:2)
  25 kobolds
  6 rats (D:1)
198 creatures vanquished.

Notes
Turn   | Place    | Note
-------+----------+-------------------------------------------
     0 | D:1      | qw the Naga Hunter began the quest for the Orb.
     0 | D:1      | Reached XP level 1. HP: 19/19 MP: 1/1
     0 | D:1      | 0 ||| qw: Version: 0.3-a-9-g12657ce
     0 | D:1      | 0 ||| qw: Game counter: 1244
     0 | D:1      | 0 ||| qw: Always use a shield: true
     0 | D:1      | 0 ||| qw: God list: Okawaru
     0 | D:1      | 0 ||| qw: Allow faded altars: false
     0 | D:1      | 0 ||| qw: Do Orc after D:15 true
     0 | D:1      | 0 ||| qw: Do second Lair branch before Depths: true
     0 | D:1      | 0 ||| qw: Lair rune preference: random
     0 | D:1      | 0 ||| qw: Plans: Normal
     0 | D:1      | 0 ||| PLANNING D:1-11
    19 | D:1      | Found Ofruuss's Distillery.
    32 | D:1      | 32 ||| SHOPLISTING 2 potions of curing (78 gold, have 0).
    32 | D:1      | 32 ||| SHOPLISTING potion of curing (39 gold, have 0).
    32 | D:1      | 32 ||| SHOPLISTING potion of heal wounds (65 gold, have 0).
    32 | D:1      | 32 ||| SHOPLISTING potion of might (52 gold, have 0).
    32 | D:1      | 32 ||| SHOPLISTING potion of resistance (130 gold, have 0).
    66 | D:1      | 66 ||| INVOKING Spit Poison.
    73 | D:1      | 73 ||| INVOKING Spit Poison.
    77 | D:1      | 77 ||| INVOKING Spit Poison.
    78 | D:1      | Reached skill level 4 in Ranged Weapons
    78 | D:1      | Reached XP level 2. HP: 26/26 MP: 2/2
    95 | D:1      | 95 ||| INVOKING Spit Poison.
   110 | D:1      | 110 ||| INVOKING Spit Poison.
   138 | D:1      | 138 ||| INVOKING Spit Poison.
   152 | D:1      | 152 ||| INVOKING Spit Poison.
   222 | D:1      | 222 ||| INVOKING Spit Poison.
   264 | D:1      | 264 ||| INVOKING Spit Poison.
   312 | D:1      | 312 ||| INVOKING Spit Poison.
   326 | D:1      | 326 ||| INVOKING Spit Poison.
   335 | D:1      | 335 ||| INVOKING Spit Poison.
   453 | D:1      | 453 ||| INVOKING Spit Poison.
   501 | D:1      | 501 ||| INVOKING Spit Poison.
   504 | D:1      | 504 ||| INVOKING Spit Poison.
   773 | D:1      | 773 ||| UPGRADING to amulet of guardian spirit.
   778 | D:1      | 778 ||| READING scroll labelled YTYSUTWU XOHOX.
   779 | D:1      | 779 ||| READING 2 scrolls labelled QULUNEIGYXT.
   780 | D:1      | 780 ||| READING scroll labelled KAOLOU UMIG.
   781 | D:1      | 781 ||| READING scroll labelled DUACSI CARHEUSCHANN.
   786 | D:1      | 786 ||| DROPPING scroll of butterflies.
   808 | D:2      | 808 ||| INVOKING Spit Poison.
   815 | D:2      | 815 ||| INVOKING Spit Poison.
   816 | D:2      | Reached XP level 3. HP: 32/32 MP: 3/3
   847 | D:2      | 847 ||| INVOKING Spit Poison.
   864 | D:2      | 864 ||| INVOKING Spit Poison.
   890 | D:2      | 890 ||| INVOKING Spit Poison.
   988 | D:2      | 988 ||| INVOKING Spit Poison.
   993 | D:2      | 993 ||| INVOKING Spit Poison.
   997 | D:2      | 997 ||| INVOKING Spit Poison.
  1243 | D:2      | 1243 ||| INVOKING Spit Poison.
  1273 | D:2      | 1273 ||| INVOKING Spit Poison.
  1274 | D:2      | 1274 ||| INVOKING Spit Poison.
  1513 | D:2      | 1513 ||| UPGRADING to +6 ring of dexterity.
  1514 | D:2      | 1514 ||| READING 2 scrolls labelled JEM HAOGOMESE.
  1515 | D:2      | 1515 ||| READING scroll labelled ASOIMNE GIAKEDWI.
  1516 | D:2      | 1516 ||| READING scroll labelled KIPEVOKABI.
  1517 | D:2      | 1517 ||| DROPPING scroll of blinking.
  1581 | D:3      | 1581 ||| INVOKING Spit Poison.
  1585 | D:3      | Reached skill level 5 in Ranged Weapons
  1585 | D:3      | Reached XP level 4. HP: 39/39 MP: 4/4
  1642 | D:3      | 1642 ||| INVOKING Spit Poison.
  1647 | D:3      | 1647 ||| INVOKING Spit Poison.
  1670 | D:3      | Noticed Grinder
  1671 | D:3      | Paralysed by Grinder for 5 turns
  1683 | D:3      | Paralysed by Grinder for 4 turns
  1688 | D:3      | Killed Grinder
  1689 | D:3      | Reached XP level 5. HP: 35/52 MP: 3/5
  1689 | D:3      | Reached XP level 6. HP: 42/61 MP: 3/6
  1852 | D:3      | Found a broken altar of Ashenzari.
  1858 | D:3      | 1858 ||| INVOKING Spit Poison.
  1862 | D:3      | 1862 ||| INVOKING Spit Poison.
  2015 | D:3      | 2015 ||| INVOKING Spit Poison.
  2246 | D:3      | Noticed Terence
  2249 | D:3      | 2249 ||| INVOKING Spit Poison.
  2252 | D:3      | Killed Terence
  2279 | D:3      | 2279 ||| INVOKING Spit Poison.
  2338 | D:3      | 2338 ||| UPGRADING to +0 barding.
  2343 | D:3      | 2343 ||| UPGRADING to +4 ring of slaying {mikee}.
  2344 | D:3      | 2344 ||| READING 3 scrolls of identify.
  2344 | D:3      | 2344 ||| IDENTIFYING pink potion
  2345 | D:3      | 2345 ||| READING 2 scrolls of identify.
  2345 | D:3      | 2345 ||| IDENTIFYING viscous black potion
  2394 | D:4      | Found a staircase to the Ecumenical Temple.
  2395 | D:4      | 2395 ||| PLANNING TEMPLE
  2403 | Temple   | Entered the Ecumenical Temple
  2426 | Temple   | 2426 ||| PLANNING OKAWARU WORSHIP
  2494 | Temple   | Became a worshipper of Warmaster Okawaru
  2495 | Temple   | 2495 ||| PLANNING D:1-11
  2495 | Temple   | 2495 ||| REMOVING amulet of guardian spirit.
  2500 | Temple   | 2500 ||| DROPPING amulet of guardian spirit.
  2600 | D:4      | 2600 ||| INVOKING Spit Poison.
  2604 | D:4      | Noticed Menkaure
  2612 | D:4      | Killed Menkaure
  2613 | D:4      | Reached XP level 7. HP: 54/67 MP: 7/7
  2866 | D:4      | Found a faded altar of an unknown god.
  2866 | D:4      | Found a snail-covered altar of Cheibriados.
  2867 | D:4      | 2867 ||| INVOKING Spit Poison.
  2870 | D:4      | 2870 ||| INVOKING Spit Poison.
  2889 | D:4      | Found a bloodstained altar of Trog.
  2891 | D:4      | Found a glowing silver altar of Zin.
  2893 | D:4      | Found a faded altar of an unknown god.
  3008 | D:4      | 3008 ||| INVOKING Spit Poison.
  3012 | D:4      | 3012 ||| INVOKING Spit Poison.
  3022 | D:4      | Found a glowing golden altar of the Shining One.
  3084 | D:4      | 3084 ||| INVOKING Spit Poison.
  3542 | D:4      | 3542 ||| INVOKING Spit Poison.
  3545 | D:4      | 3545 ||| DROPPING +4 ring of protection.
  3572 | D:5      | Entered Level 5 of the Dungeon
  3572 | D:5      | Noticed Dowan
  3573 | D:5      | 3573 ||| INVOKING Spit Poison.
  3574 | D:5      | Noticed Duvessa
  3578 | D:5      | 3578 ||| INVOKING Spit Poison.
  3581 | D:5      | 3581 ||| STAIRDANCE
  3631 | D:5      | 3631 ||| STAIRDANCE
  3633 | D:4      | 3633 ||| INVOKING Spit Poison.
  3697 | D:5      | 3697 ||| INVOKING Spit Poison.
  3699 | D:5      | 3699 ||| STAIRDANCE
  3728 | D:5      | 3728 ||| INVOKING Spit Poison.
  3731 | D:5      | 3731 ||| STAIRDANCE
  3785 | D:5      | 3785 ||| STAIRDANCE
  3823 | D:5      | 3823 ||| STAIRDANCE
  3899 | D:5      | 3899 ||| STAIRDANCE
  3943 | D:5      | 3943 ||| INVOKING Spit Poison.
  3948 | D:5      | 3948 ||| INVOKING Spit Poison.
  3948 | D:5      | Killed Duvessa
  3949 | D:5      | Reached skill level 6 in Ranged Weapons
  3951 | D:5      | 3951 ||| STAIRDANCE
  3953 | D:4      | 3953 ||| INVOKING Spit Poison.
  3954 | D:4      | Killed Dowan
  3995 | D:5      | 3995 ||| INVOKING Spit Poison.
  3998 | D:5      | Reached * piety under Okawaru
  3999 | D:5      | Reached XP level 8. HP: 74/74 MP: 8/8
  4037 | D:5      | Found a burning altar of Makhleb.
  4134 | D:5      | Reached skill level 7 in Ranged Weapons
  4141 | D:5      | 4141 ||| INVOKING Spit Poison.
  4144 | D:5      | 4144 ||| INVOKING Spit Poison.
  4227 | D:5      | Reached skill level 1 in Invocations
  4312 | D:5      | 4312 ||| INVOKING Spit Poison.
  4373 | D:5      | 4373 ||| INVOKING Spit Poison.
  4453 | D:5      | 4453 ||| INVOKING Spit Poison.
  4477 | D:5      | 4477 ||| INVOKING Spit Poison.
  4480 | D:5      | 4480 ||| INVOKING Spit Poison.
  4484 | D:5      | 4484 ||| INVOKING Spit Poison.
  4796 | D:6      | 4796 ||| INVOKING Spit Poison.
  4801 | D:6      | 4801 ||| INVOKING Spit Poison.
  4802 | D:6      | 4802 ||| INVOKING Heroism.
  4805 | D:6      | Reached skill level 3 in Invocations
  4807 | D:6      | 4807 ||| INVOKING Spit Poison.
  4808 | D:6      | 4808 ||| INVOKING Spit Poison.
  4814 | D:6      | 4814 ||| INVOKING Spit Poison.
  4820 | D:6      | 4820 ||| INVOKING Spit Poison.
  4821 | D:6      | 4821 ||| STAIRDANCE
  4823 | D:5      | 4823 ||| INVOKING Heroism.
  5014 | D:6      | 5014 ||| INVOKING Heroism.
  5019 | D:6      | Reached skill level 8 in Ranged Weapons
  5065 | D:6      | 5065 ||| INVOKING Heroism.
  5066 | D:6      | 5066 ||| INVOKING Spit Poison.
  5072 | D:6      | Reached skill level 3 in Dodging
  5097 | D:6      | 5097 ||| INVOKING Spit Poison.
  5100 | D:6      | 5100 ||| Stepping ~*~*~tactically~*~*~ (outnumbered).
  5102 | D:6      | Reached XP level 9. HP: 81/81 MP: 12/12
  5102 | D:6      | 5102 ||| INVOKING Spit Poison.
  5107 | D:6      | 5107 ||| INVOKING Spit Poison.
  5111 | D:6      | 5111 ||| INVOKING Heroism.
  5115 | D:6      | 5115 ||| INVOKING Spit Poison.
  5153 | D:6      | 5153 ||| INVOKING Heroism.
  5156 | D:6      | 5156 ||| INVOKING Spit Poison.
  5158 | D:6      | Noticed a kobold demonologist
  5162 | D:6      | 5162 ||| INVOKING Spit Poison.
  5169 | D:6      | Killed a kobold demonologist
  5169 | D:6      | Reached ** piety under Okawaru
  5170 | D:6      | Reached skill level 9 in Ranged Weapons
  5210 | D:6      | 5210 ||| INVOKING Spit Poison.
  5214 | D:6      | 5214 ||| INVOKING Spit Poison.
  5216 | D:6      | Noticed a gargoyle
  5221 | D:6      | 5221 ||| INVOKING Heroism.
  5226 | D:6      | HP: 16/81 [gargoyle/+0 mace (9)]
  5227 | D:6      | 5227 ||| READING 2 scrolls of teleportation.
  5227 | D:6      | HP: 7/81 [gargoyle/+0 mace (9)]
  5514 | D:6      | 5514 ||| INVOKING Heroism.
  5518 | D:6      | Killed a gargoyle
  5519 | D:6      | Reached skill level 6 in Fighting
  5731 | D:6      | Noticed Prince Ribbit
  5732 | D:6      | 5732 ||| INVOKING Heroism.
  5733 | D:6      | 5733 ||| INVOKING Spit Poison.
  5737 | D:6      | Killed Prince Ribbit
  5795 | D:6      | Noticed Edmund
  5796 | D:6      | 5796 ||| INVOKING Heroism.
  5798 | D:6      | 5798 ||| INVOKING Spit Poison.
  5805 | D:6      | 5805 ||| INVOKING Spit Poison.
  5805 | D:6      | Killed Edmund
  5848 | D:6      | Noticed Sigmund
  5849 | D:6      | 5849 ||| INVOKING Heroism.
  5850 | D:6      | 5850 ||| INVOKING Spit Poison.
  5854 | D:6      | 5854 ||| INVOKING Spit Poison.
  5854 | D:6      | Killed Sigmund
  5888 | D:6      | Noticed Blork the orc
  5889 | D:6      | 5889 ||| INVOKING Heroism.
  5891 | D:6      | 5891 ||| INVOKING Spit Poison.
  5896 | D:6      | Killed Blork the orc
  5897 | D:6      | Reached skill level 10 in Ranged Weapons
  5915 | D:6      | Noticed Maggie
  5916 | D:6      | 5916 ||| INVOKING Spit Poison.
  5924 | D:6      | 5924 ||| INVOKING Spit Poison.
  5924 | D:6      | Killed Maggie
  6002 | D:6      | 6002 ||| UPGRADING to +0 steam dragon scales.
  6012 | D:6      | 6012 ||| DROPPING +0 leather armour.
  6013 | D:6      | 6013 ||| READING scroll labelled TOUDIS PAUJAO.
  6014 | D:6      | 6014 ||| DRINKING 2 viscous white potions.
  6015 | D:6      | 6015 ||| READING 2 scrolls of identify.
  6015 | D:6      | 6015 ||| IDENTIFYING amethyst potion
  6016 | D:6      | 6016 ||| DROPPING potion of attraction.
  6040 | D:7      | 6040 ||| INVOKING Heroism.
  6069 | D:7      | Reached XP level 10. HP: 92/92 MP: 13/13
  6070 | D:7      | 6070 ||| INVOKING Spit Poison.
  6074 | D:7      | 6074 ||| INVOKING Spit Poison.
  6100 | D:7      | 6100 ||| INVOKING Spit Poison.
  6101 | D:7      | 6101 ||| INVOKING Heroism.
  6171 | D:7      | 6171 ||| INVOKING Spit Poison.
  6177 | D:7      | 6177 ||| Stepping ~*~*~tactically~*~*~ (outnumbered).
  6179 | D:7      | 6179 ||| INVOKING Spit Poison.
  6185 | D:7      | 6185 ||| INVOKING Spit Poison.
  6203 | D:7      | 6203 ||| INVOKING Heroism.
  6241 | D:7      | 6241 ||| INVOKING Spit Poison.
  6245 | D:7      | 6245 ||| INVOKING Spit Poison.
  6250 | D:7      | 6250 ||| INVOKING Spit Poison.
  6301 | D:7      | 6301 ||| INVOKING Spit Poison.
  6340 | D:7      | 6340 ||| INVOKING Spit Poison.
  6344 | D:7      | 6344 ||| INVOKING Heroism.
  6351 | D:7      | 6351 ||| INVOKING Spit Poison.
  6368 | D:7      | 6368 ||| INVOKING Heroism.
  6574 | D:7      | 6574 ||| INVOKING Spit Poison.
  6597 | D:7      | 6597 ||| INVOKING Spit Poison.
  6671 | D:7      | 6671 ||| READING scroll labelled FUREOKL ZIMOU.
  6672 | D:7      | 6672 ||| READING scroll labelled SUOFUO UHOEMO.
  6856 | D:8      | 6856 ||| Stepping ~*~*~tactically~*~*~ (outnumbered).
  6858 | D:8      | 6858 ||| Stepping ~*~*~tactically~*~*~ (outnumbered).
  6860 | D:8      | 6860 ||| INVOKING Spit Poison.
  6863 | D:8      | 6863 ||| Stepping ~*~*~tactically~*~*~ (outnumbered).
  6864 | D:8      | 6864 ||| INVOKING Spit Poison.
  6903 | D:8      | 6903 ||| Stepping ~*~*~tactically~*~*~ (outnumbered).
  6904 | D:8      | 6904 ||| Stepping ~*~*~tactically~*~*~ (outnumbered).
  6905 | D:8      | 6905 ||| Stepping ~*~*~tactically~*~*~ (outnumbered).
  6907 | D:8      | 6907 ||| INVOKING Spit Poison.
  6986 | D:8      | 6986 ||| INVOKING Heroism.
  6988 | D:8      | 6988 ||| Stepping ~*~*~tactically~*~*~ (outnumbered).
  7129 | D:8      | Noticed Psyche
  7130 | D:8      | 7130 ||| INVOKING Heroism.
  7131 | D:8      | 7131 ||| INVOKING Spit Poison.
  7138 | D:8      | 7138 ||| INVOKING Spit Poison.
  7142 | D:8      | 7142 ||| INVOKING Spit Poison.
  7142 | D:8      | Killed Psyche
  7143 | D:8      | Reached skill level 11 in Ranged Weapons
  7336 | D:8      | 7336 ||| INVOKING Spit Poison.
  7375 | D:8      | Noticed a two-headed ogre
  7376 | D:8      | 7376 ||| INVOKING Heroism.
  7377 | D:8      | 7377 ||| INVOKING Spit Poison.
  7381 | D:8      | 7381 ||| INVOKING Spit Poison.
  7388 | D:8      | 7388 ||| INVOKING Spit Poison.
  7390 | D:8      | Killed a two-headed ogre
  7635 | D:8      | Noticed a two-headed ogre
  7636 | D:8      | 7636 ||| INVOKING Heroism.
  7637 | D:8      | 7637 ||| INVOKING Spit Poison.
  7643 | D:8      | 7643 ||| INVOKING Spit Poison.
  7645 | D:8      | Killed a two-headed ogre
  7733 | D:8      | 7733 ||| READING scroll labelled ZUARUM HUUXOADGH.
  7734 | D:8      | 7734 ||| DRINKING 2 viscous dark potions.
  7735 | D:8      | 7735 ||| DRINKING 2 blue potions.
  7736 | D:8      | 7736 ||| DRINKING 2 murky puce potions.
  7768 | D:8      | 7768 ||| READING 5 scrolls of identify.
  7768 | D:8      | 7768 ||| IDENTIFYING coppery potion
  7769 | D:8      | 7769 ||| READING 4 scrolls of identify.
  7769 | D:8      | 7769 ||| IDENTIFYING ruby potion
  7770 | D:8      | 7770 ||| READING 3 scrolls of identify.
  7770 | D:8      | 7770 ||| IDENTIFYING grey potion
  7771 | D:8      | 7771 ||| DROPPING potion of brilliance.
  7772 | D:8      | 7772 ||| DROPPING potion of invisibility.
  7773 | D:8      | 7773 ||| DROPPING potion of lignification.
  7791 | D:9      | 7791 ||| INVOKING Spit Poison.
  7795 | D:9      | 7795 ||| INVOKING Spit Poison.
  7801 | D:9      | 7801 ||| INVOKING Spit Poison.
  7806 | D:9      | 7806 ||| INVOKING Spit Poison.
  7912 | D:9      | 7912 ||| INVOKING Spit Poison.
  7913 | D:9      | 7913 ||| INVOKING Spit Poison.
  7920 | D:9      | 7920 ||| INVOKING Spit Poison.
  7926 | D:9      | 7926 ||| INVOKING Heroism.
  7927 | D:9      | 7927 ||| INVOKING Spit Poison.
  8192 | D:9      | Reached *** piety under Okawaru
  8193 | D:9      | Reached XP level 11. HP: 103/103 MP: 14/14
  8197 | D:9      | 8197 ||| INVOKING Heroism.
  8198 | D:9      | 8198 ||| INVOKING Spit Poison.
  8202 | D:9      | 8202 ||| INVOKING Spit Poison.
  8209 | D:9      | 8209 ||| INVOKING Spit Poison.
  8224 | D:9      | 8224 ||| INVOKING Heroism.
  8345 | D:9      | 8345 ||| INVOKING Heroism.
  8386 | D:9      | 8386 ||| INVOKING Heroism.
  8409 | D:9      | 8409 ||| FLEEEEING.
  8410 | D:9      | 8410 ||| INVOKING Heroism.
  8801 | D:9      | 8801 ||| READING 4 scrolls of identify.
  8801 | D:9      | 8801 ||| IDENTIFYING viscous pink potion
  8848 | D:10     | Entered Level 10 of the Dungeon
  8914 | D:10     | Found an ancient bone altar of Kikubaaqudgha.
  8994 | D:10     | 8994 ||| INVOKING Spit Poison.
  9007 | D:10     | 9007 ||| INVOKING Spit Poison.
  9062 | D:10     | Found a shimmering altar of Xom.
  9077 | D:10     | Found a shimmering altar of Xom.
  9077 | D:10     | Found a shimmering altar of Xom.
  9078 | D:10     | 9078 ||| SWAPPING to +0 arbalest.
  9079 | D:10     | 9079 ||| DROPPING +1 shortbow.
  9079 | D:10     | Noticed Nergalle
  9080 | D:10     | 9080 ||| INVOKING Heroism.
  9081 | D:10     | 9081 ||| INVOKING Spit Poison.
  9085 | D:10     | 9085 ||| INVOKING Spit Poison.
  9091 | D:10     | Noticed a spectral orc warlord
  9091 | D:10     | 9091 ||| INVOKING Spit Poison.
  9095 | D:10     | 9095 ||| INVOKING Spit Poison.
  9095 | D:10     | Killed Nergalle
  9292 | D:10     | 9292 ||| INVOKING Spit Poison.
  9346 | D:10     | Reached skill level 12 in Ranged Weapons
  9410 | D:10     | 9410 ||| INVOKING Heroism.
  9412 | D:10     | Noticed a centaur warrior
  9413 | D:10     | 9413 ||| INVOKING Spit Poison.
  9419 | D:10     | 9419 ||| INVOKING Spit Poison.
  9419 | Abyss:1  | Cast into level 1 of the Abyss (orc warrior)
  9563 | Abyss:1  | 9563 ||| INVOKING Heroism.
  9576 | Abyss:1  | 9576 ||| INVOKING Spit Poison.
  9628 | Abyss:1  | Noticed a hellephant
  9629 | Abyss:1  | 9629 ||| DRINKING potion of resistance.
  9630 | Abyss:1  | 9630 ||| INVOKING Spit Poison.
  9633 | Abyss:1  | 9633 ||| INVOKING Heroism.
  9637 | Abyss:1  | 9637 ||| INVOKING Spit Poison.
  9640 | Abyss:1  | HP: 22/103 [hellephant (11)]
  9641 | Abyss:1  | 9641 ||| READING 2 scrolls of teleportation.
  9641 | Abyss:1  | Demolished by a hellephant

Levels and vault maps discovered:
D:1:      minmay_arrival_glassed_features, layout_basic, serial_shops, shop,
          columned_hall_lemuel, minmay_tetromino_s2
D:2:      layout_basic
D:3:      layout_basic, evilmike_ruin_ashenzari, uniq_grinder, uniq_terence
D:4:      layout_loops_corners, mainiacjoe_overflow_alcove_2,
          chequers_temple_overflow_minitemple, minmay_temple_entry_mini_moons,
          roderic_roman_lattice, st_stairs_3, minivault_5, uniq_menkaure
D:5:      layout_loops_ring, mainiacjoe_overflow_surrounded_room, minivault_24,
          uniq_duvessa
D:6:      layout_cave_pools, chequers_serial_rivers_micro_e,
          sigmund_edmund_badplayer, uniq_maggie, uniq_sigmund,
          uniq_prince_ribbit1, uniq_blork_the_orc
D:7:      layout_basic
D:8:      layout_basic, uniq_psyche
D:9:      layout_roguey, chequers_big_river
D:10:     layout_loops_ring, xom_redecorated, kennysheep_vampire_church,
          minivault_10, lightli_fourway_metalbox, uniq_nergalle
Temple:   nicolae_temple_great_sept
Abyss:1:  base:
D:2

Skill      XL: |  1  2  3  4  5  6  7  8  9 10 11 |
---------------+----------------------------------+-----
Ranged Weapons | 4 5 6 8 10 11 12 | 12.3
Fighting       | 5 6 8 |  8.1
Dodging        | 2 3 4 5 |  5.3
Armour         | 2 4 |  4.0
Invocations    | 4 |  4.1
Stealth        | |  1.5

Action                     |  1- 3 |  4- 6 |  7- 9 | 10-12 || total
---------------------------+-------+-------+-------+-------++-------
   Fire: Shortbow          |    46 |    56 |   204 |   248 ||   554
         Arbalest          |       |       |       |    50 ||    50
 Invoke: Heroism           |       |       |    13 |    18 ||    31
Ability: Spit Poison       |    26 |     8 |    45 |    48 ||   127
    Use: Scroll            |     7 |     2 |     3 |     8 ||    20
         Potion            |       |       |     1 |     4 ||     5
 Armour: Leather armour    |     4 |     3 |    61 |       ||    68
         Steam dragon scal |       |       |       |    99 ||    99
  Dodge: Dodged            |     7 |     8 |    66 |   133 ||   214

Table legend:
 A = Non-vault XP
 B = Vault XP
 C = Vault XP percentage of total XP
 D = Non-vault monster count
 E = Vault monster count
 F = Vault count percentage of total count
                 A         B        C        D         E       F
            +---------+---------+-------+---------+---------+-------
      Total |    9326 |    3330 |  26.3 |     176 |      22 |  11.1
            +---------+---------+-------+---------+---------+-------
        D:1 |      29 |       1 |   3.3 |      20 |       1 |   4.8
        D:2 |      43 |       0 |   0.0 |      17 |       0 |   0.0
        D:3 |      65 |     322 |  83.2 |      14 |       2 |  12.5
        D:4 |     257 |     273 |  51.5 |      10 |       4 |  28.6
        D:5 |     532 |     154 |  22.4 |      12 |       1 |   7.7
        D:6 |    1747 |    1176 |  40.2 |      21 |       5 |  19.2
        D:7 |     926 |       0 |   0.0 |      23 |       0 |   0.0
        D:8 |    2708 |     379 |  12.3 |      20 |       1 |   4.8
        D:9 |    1754 |       0 |   0.0 |      26 |       0 |   0.0
       D:10 |     355 |    1025 |  74.3 |       7 |       8 |  53.3
    Abyss:1 |     910 |       0 |   0.0 |       6 |       0 |   0.0
            +---------+---------+-------+---------+---------+-------
